 Dungeon Crawl Stone Soup version 0.28-a0-247-gb8bfbab023 (webtiles) character file.

Game seed: 915305478014954838

46 Manisian the Charlatan (level 3, -1/26 HPs)
             Began as a Demonspawn Artificer on Aug 25, 2021.
             Killed from afar by an orc wizard (6 damage)
             ... with a magic dart
             ... on level 3 of the Dungeon.
             The game lasted 00:02:11 (2154 turns).

Manisian the Charlatan (Demonspawn Artificer)       Turns: 2154, Time: 00:02:12

Health: -1/26      AC:  7    Str: 13    XL:     3   Next: 46%
Magic:  3/3        EV:  9    Int: 12    God:
Gold:   127        SH:  0    Dex: 13    Spells: 2/2 levels left

rFire   . . .      SeeInvis .   n - +0 flail (protect)
rCold   . . .      Faith    .   (no shield)
rNeg    . . .      Spirit   .   k - +0 scale mail
rPois   .          Reflect  .   l - +0 helmet
rElec   .          Harm     .   (no cloak)
rCorr   .          Rampage  .   (no gloves)
Will    .....                   (no boots)
Stlth   ..........              (no amulet)
HPRegen 0.08/turn               (no ring)
MPRegen 0.08/turn               (no ring)

@: no status effects
A: foul stench 1
a: no special abilities


You were on level 3 of the Dungeon.
You visited 1 branch of the dungeon, and saw 3 of its levels.

You collected 127 gold pieces.

Inventory:

Hand Weapons
 a - a +0 club
 g - a +0 short sword
 h - a +0 mace
 n - a +0 flail of protection (weapon)
Missiles
 m - 21 poisoned darts
Armour
 b - a +0 leather armour
 k - a +0 scale mail (worn)
 l - a +0 helmet (worn)
Wands
 c - a wand of flame (14) (quivered)
 d - a wand of charming (15)
Scrolls
 i - a scroll of identify
 j - a scroll of blinking {unknown}
Potions
 f - 2 potions of magic
Miscellaneous
 e - a piece from Xom's chessboard (15/15)


   Skills:
 + Level 1.4 Fighting
 + Level 0.3 Short Blades
 + Level 0.1 Maces & Flails
 + Level 2.4 Armour
 + Level 1.2 Dodging
 + Level 1.1 Stealth
 + Level 3.5 Evocations


You had 2 spell levels left.
You didn't know any spells.
Your spell library was empty.

Dungeon Overview and Level Annotations

Branches:
Dungeon (3/15)

Altars:
Makhleb


Innate Abilities, Weirdness & Mutations

You may rarely emit foul miasma when damaged in melee.


Message History

You closely miss something.
An orc wizard appears from thin air!
Reactivating autopickup.
The orc wizard hits you but does no damage.
The orc wizard misses you.
You closely miss the orc wizard. The orc wizard misses you.
You hit the orc wizard.
Your weapon exudes an aura of protection.
The orc wizard is lightly wounded.
The orc wizard hits you but does no damage.
You closely miss the orc wizard.
The orc wizard is lightly wounded.
The orc wizard hits you but does no damage. x2
You hit the orc wizard.
The orc wizard is moderately wounded.
The orc wizard barely misses you.
You closely miss the orc wizard.
The orc wizard is moderately wounded.
The orc wizard hits you but does no damage.
You hit the orc wizard.
The orc wizard is heavily wounded.
The orc wizard gestures wildly while chanting.
The orc wizard flickers and vanishes!
Deactivating autopickup; reactivate with Ctrl-A.
Something hits you but does no damage.
You closely miss something.
You hear some strange, mumbled words.
You are confused.
A magic dart appears from out of thin air!
The magic dart hits you but does no damage.
Something hits you but does no damage. Something hits you but does no damage.
You feel less confused. Something hits you but does no damage.
Something hits you.
* * * LOW HITPOINT WARNING * * *
You barely miss something.
You hear some strange, mumbled words.
A magic dart appears from out of thin air!
The magic dart hits you.
You die...

... #.####...............
. #...##.#.......††....
###..#.#.............
#.#####..................
........................
#.####....(..###....####
#.###..).....# #....# #
####..##.......## ♣....♣
# ..<.......@{....#
♣...♣♣ # ####.#........##
♣♣.♣ # ###†.....###.# #
#.)...#### #.# # #..#..##
.# # .... #.## .# o.##
#.# . #.# ...


There were no monsters in sight!

Vanquished Creatures
  An adder (D:3)
  3 orcs (D:3)
  7 bats
  2 endoplasms
  2 giant cockroaches (D:1)
  A hobgoblin (D:1)
  A jackal (D:2)
  5 ball pythons
  3 frilled lizards
  2 goblins
  6 kobolds
  2 rats
35 creatures vanquished.

Notes
Turn   | Place    | Note
-------+----------+-------------------------------------------
     0 | D:1      | Manisian the Demonspawn Artificer began the quest for the
                  | Orb.
     0 | D:1      | Reached XP level 1. HP: 15/15 MP: 1/1
   467 | D:1      | Gained mutation: You may rarely emit foul miasma when
                  | damaged in melee. [demonic ancestry]
   467 | D:1      | Reached XP level 2. HP: 20/21 MP: 2/2
   829 | D:1      | Found a faded altar of an unknown god.
   933 | D:1      | Reached skill level 1 in Dodging
  1116 | D:2      | Found a burning altar of Makhleb.
  1411 | D:2      | Reached skill level 1 in Stealth
  2019 | D:3      | Reached XP level 3. HP: 26/26 MP: 3/3
  2154 | D:3      | Killed from afar by an orc wizard

Illustrated notes

Levels and vault maps discovered:
D:1:      wander_arrival_lonely_grave, layout_basic, basic_ecumenical_altar,
          minmay_liquid_box
D:2:      minmay_spotlight, layout_basic, basic_altar
D:3:      layout_rooms, serial_shops, nicolae_lakefront_shop,
          uniq_crazy_yiuf_cottage

Skill      XL: |  1  2 |
---------------+-------+-----
Armour         | 2 |  2.4
Dodging        | 1 |  1.2
Stealth        | 1 |  1.1
Fighting       | |  1.4
Short Blades   | |  0.3
Maces & Flails | |  0.1
Evocations     | |  3.5

Action                   || total
-------------------------++-------
Melee: Short sword       ||    80
       Club              ||    16
       Mace              ||    18
       Flail             ||    12
Evoke: Wand              ||     1
  Use: Scroll            ||     4
Armor: Leather armour    ||    14
       Scale mail        ||    62
Dodge: Dodged            ||    78

Table legend: (Time is in decaauts)
 A = Elapsed time spent in this place.
 B = Non-inter-level travel time spent in this place.
 C = Inter-level travel time spent in this place.
 D = Time resting spent in this place.
 E = Time spent auto-exploring this place.
 F = Levels seen in this place.
 G = Mean time per level.
                   A        B        C        D        E       F      G
               +--------+--------+--------+--------+--------+-----+--------+
         Total |   2178 |   2127 |     51 |    127 |   1648 |   3 |  726.0 |
       Dungeon |   2178 |   2127 |     51 |    127 |   1648 |   3 |  726.0 |
               +--------+--------+--------+--------+--------+-----+--------+

Top non-repeatable levels by time:
     D:1: 1127 daAuts
     D:2: 872 daAuts
     D:3: 179 daAuts
